 Dungeon Sprint DCSS version 0.31-a0-18-gea43df2a32 (webtiles) character file.

Game seed: 17312932917517679255

3559 sircluck the Imperceptible (level 10, -7/63 HPs)
             Began as a Kobold Brigand on May 9, 2023.
             Mangled by a hornet (13 damage)
             ... in the Dungeon (Sprint II: "The Violet Keep of Menkaure").
             The game lasted 00:04:46 (573 turns).

sircluck the Imperceptible (Kobold Brigand)          Turns: 573, Time: 00:04:48

Health: -7/63      AC:  3    Str: 10    XL:     10   Next: 30%
Magic:  10/10      EV: 23    Int: 14    God:
Gold:   657        SH:  0    Dex: 18    Spells: 9/9 levels left

rFire   . . .        a - +2 dagger
rCold   . . .        (no shield)
rNeg    . . .        b - +0 robe
rPois   .            (no helmet)
rElec   .            c - +0 cloak
rCorr   .            (no gloves)
SInv    .            (no boots)
Will    .....        (no amulet)
Stlth   +++++++++    l - +5 ring of evasion
HPRegen 0.30/turn    (no ring)
MPRegen 0.12/turn

%: no teleportation
@: hasted, very quick
A: small, no large weapons, nightstalker 3
a: no special abilities


You were in the Dungeon.
You visited 1 branch You collected 1053 gold pieces.
You spent 396 gold pieces at shops.

Inventory:

Hand Weapons
 a - a +2 dagger (weapon)
Missiles
 d - 8 poisoned darts (quivered)
 e - 3 curare-tipped darts
Armour
 b - a +0 robe (worn)
 c - a +0 cloak (worn)
Jewellery
 l - a +5 ring of evasion (left hand)
Scrolls
 j - a scroll of torment {unknown}
 k - a scroll of poison {unknown}
Potions
 f - a potion of curing
 g - a potion of heal wounds
 i - 2 potions of magic


   Skills:
 + Level 7.5 Fighting
 + Level 14.1 Short Blades
 + Level 10.2 Throwing
 + Level 6.0 Dodging
 + Level 22.5 Stealth


You had 9 spell levels left.
You didn't know any spells.
Your spell library was empty.

Dungeon Overview and Level Annotations

Branches:
Dungeon (1/1)

Altars:
Qazlal
Ru
Sif Muna
Wu Jian
Xom
Yredelemnul
The Shining One

Shops:
D [=(([[!(?=::=!

Annotations:
D exclusions: obsidian statue and orange crystal statue


Innate Abilities, Weirdness & Mutations

You are small and have problems with some larger weapons.
You are completely attuned to the shadows.


Message History

You hit the polar bear but do no damage.
The polar bear is heavily wounded.
You hit the polar bear but do no damage.
The polar bear is heavily wounded.
The polar bear bites you but does no damage.
The polar bear completely misses you.
The polar bear claws you but does no damage.
You closely miss the polar bear.
The polar bear is heavily wounded.
You closely miss the polar bear.
The polar bear is heavily wounded.
The polar bear misses you. The polar bear claws you. x2
You closely miss the polar bear.
The polar bear is heavily wounded.
You hit the polar bear but do no damage.
The polar bear is heavily wounded.
The polar bear closely misses you. The polar bear misses you.
The polar bear claws you.
* * * LOW HITPOINT WARNING * * *
You hit the polar bear.
The polar bear is severely wounded.
You hit the polar bear but do no damage.
The polar bear is severely wounded.
The polar bear closely misses you. The polar bear completely misses you.
The polar bear misses you.
You hit the polar bear but do no damage.
The polar bear is severely wounded.
You hit the polar bear but do no damage.
You punch the polar bear, but do no damage.
The polar bear is severely wounded.
The polar bear misses you.
The polar bear claws you but does no damage.
The polar bear closely misses you.
You barely miss the polar bear.
The polar bear is severely wounded.
You feel yourself speed up. The hornet misses you. The polar bear bites you!
* * * LOW HITPOINT WARNING * * *
The polar bear completely misses you. The polar bear closely misses you.
The hornet stings you!
You die...

++#+++# ...# .......
..# ##+##.. ####.#
#..### #..'.### ..##.#
...#†.#...#### #.#.###
..#####..##$#
##'###.##..# +..#h.#
##.###..#..# #..#.†#
'.<.'##.'..####.@##.#
##.##.#.#.§§.###yh.##▓
##'###.##§.....~~h~~~~~
#.#.####~~.§§§.~#+#####
..#..# ~~~~~~..~#._._._
##.### ~~~~~~~.~#.._._.
##+##~~ ≈§~~~~~#._._.
~~~~~~~ ++#+++#


You could see 2 polar bears and a hornet.

Vanquished Creatures
  2 boulder beetles (D)
  2 hell hogs (D)
  A polar bear (D)
  A blink frog (D)
  4 neqoxecs (D)
  Menkaure (D)
  4 scorpions (D)
  3 worms (D)
18 creatures vanquished.

Vanquished Creatures (others)
  A water moccasin (D)
1 creature vanquished.

Grand Total: 19 creatures vanquished

Notes
Turn   | Place    | Note
-------+----------+-------------------------------------------
     0 | D        | sircluck the Kobold Brigand began the quest for the Orb.
     0 | D        | Reached XP level 1. HP: 12/12 MP: 1/1
     1 | D        | Noticed a neqoxec
    20 | D        | Reached skill level 6 in Stealth
    28 | D        | Reached XP level 2. HP: 11/18 MP: 2/2
    63 | D        | Reached skill level 7 in Stealth
   119 | D        | Noticed an obsidian statue
   119 | D        | Noticed Menkaure
   129 | D        | Noticed a scorpion
   129 | D        | Noticed a scorpion
   129 | D        | Noticed a scorpion
   129 | D        | Noticed a scorpion
   138 | D        | Killed a scorpion
   139 | D        | Reached skill level 5 in Short Blades
   139 | D        | Reached skill level 9 in Stealth
   139 | D        | Reached XP level 3. HP: 23/23 MP: 3/3
   139 | D        | Reached XP level 4. HP: 28/28 MP: 4/4
   141 | D        | Killed a scorpion
   142 | D        | Reached skill level 11 in Stealth
   142 | D        | Reached XP level 5. HP: 31/33 MP: 5/5
   148 | D        | Reached skill level 5 in Throwing
   148 | D        | Reached skill level 12 in Stealth
   155 | D        | Reached skill level 13 in Stealth
   155 | D        | Reached XP level 6. HP: 12/39 MP: 6/6
   199 | D        | Killed a water moccasin
   243 | D        | Noticed a boulder beetle
   243 | D        | Noticed a boulder beetle
   255 | D        | Killed Menkaure
   256 | D        | Reached skill level 14 in Stealth
   278 | D        | Killed a boulder beetle
   279 | D        | Reached skill level 10 in Short Blades
   279 | D        | Reached skill level 17 in Stealth
   279 | D        | Reached XP level 7. HP: 46/46 MP: 7/7
   279 | D        | Reached XP level 8. HP: 51/51 MP: 8/8
   281 | D        | Killed a boulder beetle
   282 | D        | Reached skill level 19 in Stealth
   282 | D        | Reached XP level 9. HP: 56/56 MP: 9/9
   298 | D        | Reached skill level 5 in Dodging
   298 | D        | Reached skill level 20 in Stealth
   313 | D        | Found Touvacs's Jewellery Boutique.
   314 | D        | Found Caebar's Distillery.
   314 | D        | Found Oledie's Book Shop.
   315 | D        | Found Qiqunob's Jewellery Shop.
   316 | D        | Found Nifusorr's Book Boutique.
   335 | D        | Noticed a blink frog
   337 | D        | Killed a blink frog
   348 | D        | Found Ganumosch's Magic Scroll Boutique.
   348 | D        | Found Ilior's Weapon Shop.
   349 | D        | Found Gil Ustre's Distillery.
   350 | D        | Found Qepent's Armour Shop.
   350 | D        | Found Qetyi's Antique Armour Boutique.
   350 | D        | Noticed a fire dragon
   351 | D        | Found Jirefat's Antique Weapon Shop.
   351 | D        | Found Zuzy's Weapon Boutique.
   352 | D        | Found Byblibajig's Jewellery Shop.
   352 | D        | Found Peg Waoz's Antique Armour Boutique.
   392 | D        | Bought a +5 ring of evasion for 396 gold pieces
   416 | D        | Noticed an orange crystal statue
   437 | D        | Found a glowing golden altar of the Shining One.
   437 | D        | Found a basalt altar of Yredelemnul.
   438 | D        | Found a shimmering altar of Xom.
   439 | D        | Found an ornate altar of the Wu Jian Council.
   440 | D        | Found a sacrificial altar of Ru.
   440 | D        | Found a shimmering blue altar of Sif Muna.
   440 | D        | Noticed a polar bear
   442 | D        | Found a stormy altar of Qazlal.
   442 | D        | Noticed a yaktaur
   442 | D        | Noticed a hornet
   443 | D        | Noticed a polar bear
   443 | D        | Noticed a polar bear
   444 | D        | Killed a polar bear
   445 | D        | Reached skill level 21 in Stealth
   450 | D        | Noticed a hell hog
   451 | D        | Noticed a hell hog
   452 | D        | Killed a hell hog
   453 | D        | Reached XP level 10. HP: 40/63 MP: 10/10
   454 | D        | Killed a hell hog
   455 | D        | Reached skill level 10 in Throwing
   455 | D        | Reached skill level 22 in Stealth
   573 | D        | Mangled by a hornet

Illustrated notes

Levels and vault maps discovered:
D:        the_violet_keep_of_menkaure [sprint2_stairs_cluster_1,
          sprint2_shoproom, sprint2_temple, sprint2_basic_supplies,
          sprint2_obstacle_4, sprint2_obstacle_2, sprint2_obstacle_3,
          sprint2_obstacle_1, sprint2_obstacle_5, sprint2_timed_cluster_1,
          sprint2_smallroom_cluster_1, sprint2_smallroom_final_cluster_1,
          sprint2_transparent_cluster_1, sprint2_second_timed_cluster_1,
          sprint2_sniper_area_1, sprint2_heavy_combat_area_1,
          sprint2_mutation_trap_area_1, sprint2_forest_area_1,
          sprint2_light_combat_area_1, sprint2_behind_water_1,
          sprint2_near_end_vault_1]

Skill      XL: |  1  2  3  4  5  6  7  8  9 10 |
---------------+-------------------------------+-----
Stealth        | 6 9 11 13 17 19 21 22 | 22.5
Short Blades   | 3 5 6 7 10 12 13 14 | 14.1
Fighting       | 3 4 6 7 |  7.5
Throwing       | 4 5 7 8 9 10 | 10.2
Dodging        | 2 4 5 6 |  6.0

Action                     |  1- 3 |  4- 6 |  7- 9 | 10-12 || total
---------------------------+-------+-------+-------+-------++-------
  Melee: Dagger            |    23 |    17 |     9 |    32 ||    81
         Punch             |       |       |       |     2 ||     2
  Throw: Dart              |    10 |       |       |       ||    10
    Use: Potion            |     1 |       |       |     1 ||     2
         Scroll            |       |       |     1 |       ||     1
   Stab: Sleeping          |       |     2 |     8 |     1 ||    11
 Armour: Robe              |     1 |     1 |       |     5 ||     7
  Dodge: Dodged            |     8 |     5 |     3 |    32 ||    48

Table legend: (Time is in decaauts)
 A = Elapsed time spent in this place.
 B = Non-inter-level travel time spent in this place.
 C = Inter-level travel time spent in this place.
 D = Time resting spent in this place.
 E = Time spent auto-exploring this place.
 F = Levels seen in this place.
 G = Mean time per level.
                   A        B        C        D        E       F      G
               +--------+--------+--------+--------+--------+-----+--------+
         Total |    572 |    514 |     58 |    196 |     76 |   1 |  572.0 |
       Dungeon |    572 |    514 |     58 |    196 |     76 |   1 |  572.0 |
               +--------+--------+--------+--------+--------+-----+--------+

Top non-repeatable levels by time:
       D: 572 daAuts
